 Dungeon Crawl Stone Soup version 0.28.0-53-g5a82cb258f (webtiles) character file.

Game seed: 15253232513625490206

655 DemonSlayer the Firebug (level 7, -2/48 HPs)
             Began as a Demonspawn Fire Elementalist on July 10, 2022.
             Slain by an ogre
             ... wielding a +0 giant spiked club
              (18 damage)
             ... on level 5 of the Dungeon.
             The game lasted 00:11:20 (5597 turns).

DemonSlayer the Firebug (DsFE)                      Turns: 5597, Time: 00:11:21

Health: -2/48      AC:  4    Str:  7 (8)  XL:     7   Next: 29%
Magic:  0/15       EV: 12    Int: 19      God:
Gold:   148        SH:  0    Dex: 13      Spells: 5/15 levels left

rFire   . . .      SeeInvis .   f - +4 dagger (freeze)
rCold   . . .      Faith    .   (no shield)
rNeg    . . .      Spirit   +   a - +0 robe
rPois   .          Reflect  .   (no helmet)
rElec   .          Harm     .   (no cloak)
rCorr   .          Rampage  .   d - +1 pair of gloves
Will    .....                   (no boots)
Stlth   ++........              (no amulet)
HPRegen 0.16/turn               (no ring)
MPRegen 0.28/turn               (no ring)

@: no status effects
A: claws 1, magic shield, magic regeneration, magic link, deterioration 1, high
MP 1
a: no special abilities


You were on level 5 of the Dungeon.
You visited 1 branch of the dungeon, and saw 5 of its levels.

You collected 148 gold pieces.

Inventory:

Hand Weapons
 f - a +4 dagger of freezing (weapon)
Armour
 a - a +0 robe (worn)
 d - a +1 pair of gloves (worn)
 n - a scarf of repulsion
Scrolls
 c - a scroll of silence
 h - a scroll of identify
 i - a scroll of enchant armour
Potions
 b - a potion of berserk rage
 e - 2 potions of haste
 g - 2 potions of flight
 j - a potion of curing


   Skills:
 + Level 1.0 Fighting
 + Level 1.0 Short Blades
 + Level 2.7 Dodging
 + Level 2.6 Stealth
 + Level 4.5 Spellcasting
 + Level 1.9 Conjurations
 + Level 5.3 Fire Magic


You had 5 spell levels left.
You knew the following spells:

 Your Spells              Type           Power      Damage    Failure   Level
a - Foxfire               Conj/Fire      72%        2x1d7     3%          1
b - Scorch                Fire           48%        2d7       2%          2
c - Stone Arrow           Conj/Erth      16%        3d8       26%         3
d - Flame Wave            Conj/Fire      18%        2d6       28%         4

Your spell library contained the following spells:

 Spells                   Type           Power      Damage    Failure   Level
 Conjure Flame            Conj/Fire      18%        6-21      9%          3
 Inner Flame              Hex/Fire       14%        N/A       13%         3
 Gell's Gravitas          Tloc           4%         N/A       36%         3
 Lesser Beckoning         Tloc           4%         N/A       36%         3
 Teleport Other           Tloc           4%         N/A       36%         3
 Animate Armour           Summ/Erth      8%         N/A       78%         4
 Conjure Ball Lightning   Conj/Air       4%         3x3d6     100%        6
 Discord                  Hex            2%         N/A       100%        8
 Disjunction              Tloc           2%         N/A       100%        8
 Lehudib's Crystal Spear  Conj/Erth      4%         10d3      100%        8


Dungeon Overview and Level Annotations

Branches:
Dungeon (5/15)
 Temple: D:4-7

Altars:
Xom

Annotations:
D:3 2 transporters, Wentworth's ghost, amateur DsGl
D:4 2 runed translucent doors, Diggabert's ghost, amateur HuFi


Innate Abilities, Weirdness & Mutations

You have sharp fingernails.
When hurt, damage is shared between your health and your magic reserves.
You regenerate magic rapidly.
When low on magic, you restore magic in place of health.
Your body sometimes deteriorates upon taking damage.
You have an increased reservoir of magic. (+10% MP)


Message History

A shadow imp is nearby!
You see here an iguana corpse.
Flames lash the shadow imp.
The shadow imp is heavily wounded.
The shadow imp's fire resistance burns away.
The shadow imp gestures at you. Pain shoots through your body!
Flames lash the shadow imp.
The shadow imp is burned terribly!
You kill the shadow imp!
You don't have enough magic to cast this spell.
You don't have enough magic to cast this spell.
You don't have enough magic to cast this spell.
An ogre is nearby!
An ogre is nearby!
An ogre is nearby!
An ogre is nearby!
You see here an iguana corpse.
You see here a scorpion corpse.
Flames lash the ogre.
The ogre is heavily wounded.
The ogre's fire resistance burns away.
The ogre hits you with a +0 giant spiked club!
Flames lash the ogre.
The ogre is burned terribly!
The ogre is severely wounded.
The ogre hits you with a +0 giant spiked club!
Your body deteriorates!
You feel weakened.
You are too injured to fight recklessly!
You are too injured to fight recklessly!
You are too injured to fight recklessly!
You are too injured to fight recklessly!
You are too injured to fight recklessly!
You hit the ogre but do no damage.
The ogre is severely wounded.
The ogre misses you.
You barely miss the ogre.
The ogre is severely wounded.
You hit the ogre. You freeze the ogre.
The ogre is severely wounded.
The ogre hits you with a +0 giant spiked club!!
You die...

######## #......#
#.####.# #.# #.####
####.####.....
###########.........####
......<@O.#.#######.#
.########...# #.# ###†#
#.# ######.†# #.#
........# #.# ######..#
#.# #..# #.# #... #.##


You could see an ogre (combustible).

Vanquished Creatures
  A sky beast (D:4)
  A necrophage (D:4)
  2 scorpions
  A centaur zombie (D:4)
  An orc priest (D:4)
  An iguana (D:5)
  3 gnolls (D:4)
  11 adders
  2 river rats (D:4)
  A shadow imp (D:5)
  An ufetubus (D:5)
  4 worms
  An adder skeleton (D:4)
  3 dart slugs
  8 orcs
  4 bats
  5 endoplasms
  6 giant cockroaches
  7 goblins
  5 hobgoblins
  6 jackals
  8 kobolds
  A quokka (D:2)
  7 ball pythons
  3 frilled lizards (D:1)
  4 rats
97 creatures vanquished.

Vanquished Creatures (others)
  88 foxfires
88 creatures vanquished.

Grand Total: 185 creatures vanquished

Notes
Turn   | Place    | Note
-------+----------+-------------------------------------------
     0 | D:1      | DemonSlayer the Demonspawn Fire Elementalist began the
                  | quest for the Orb.
     0 | D:1      | Reached XP level 1. HP: 13/13 MP: 3/3
   355 | D:2      | Reached skill level 3 in Fire Magic
   588 | D:1      | Gained mutation: You regenerate magic rapidly. [demonic
                  | ancestry]
   588 | D:1      | Reached XP level 2. HP: 19/19 MP: 0/5
   798 | D:1      | Found a faded altar of an unknown god.
  1652 | D:1      | Learned a level 2 spell: Scorch
  2072 | D:2      | Reached XP level 3. HP: 25/25 MP: 4/6
  2357 | D:2      | Found a shimmering altar of Xom.
  2518 | D:2      | Learned a level 3 spell: Stone Arrow
  3039 | D:3      | Reached XP level 4. HP: 31/31 MP: 2/7
  3090 | D:3      | Found a transporter.
  3092 | D:3      | Identified the +6 giant spiked club of Eternal Vigilance
                  | {venom, Drain rElec Str+9}
  3092 | D:3      | Noticed an ogre
  3092 | D:3      | Noticed Wentworth's ghost (amateur DsGl)
  3092 | D:3      | Noticed an ogre
  3103 | D:3      | Found a transporter.
  4215 | D:4      | Noticed a necrophage
  4230 | D:4      | Killed a necrophage
  4231 | D:4      | Gained mutation: When hurt, damage is shared between your
                  | health and your magic reserves. [demonic ancestry]
  4231 | D:4      | Reached XP level 5. HP: 12/36 MP: 1/9
  4428 | D:4      | Reached skill level 4 in Fire Magic
  4653 | D:4      | Gained mutation: When low on magic, you restore magic in
                  | place of health. [demonic ancestry]
  4653 | D:4      | Reached XP level 6. HP: 27/42 MP: 0/11
  4667 | D:4      | Noticed a sky beast
  4675 | D:4      | Gained mutation: Your body sometimes deteriorates upon
                  | taking damage. [potion of mutation]
  4675 | D:4      | Gained mutation: You have an increased reservoir of magic.
                  | (+10% MP) [potion of mutation]
  4688 | D:4      | Killed a sky beast
  4754 | D:4      | Found a runed translucent door.
  4778 | D:4      | Found a runed translucent door.
  4780 | D:4      | Noticed Diggabert's ghost (amateur HuFi)
  4786 | D:4      | Reached skill level 1 in Fighting
  5058 | D:4      | Reached skill level 1 in Short Blades
  5270 | D:4      | Reached skill level 5 in Fire Magic
  5270 | D:4      | Gained mutation: You have sharp fingernails. [demonic
                  | ancestry]
  5270 | D:4      | Reached XP level 7. HP: 41/48 MP: 7/14
  5513 | D:4      | Learned a level 4 spell: Flame Wave
  5523 | D:5      | Entered Level 5 of the Dungeon
  5597 | D:5      | Slain by an ogre

Illustrated notes

Levels and vault maps discovered:
D:1:      wander_arrival_abandoned_jail, layout_loops_ring,
          ebering_ecumenical_altar_rust
D:2:      minmay_door_path, layout_loops_ring, basic_altar
D:3:      layout_loops_cross, gammafunk_ghost_smash, chequers_jeans
D:4:      layout_cave_pools, lightli_sewer_entry_pipes, ebering_ghost_sewer_f
D:5:      layout_loops_ring

Skill      XL: |  1  2  3  4  5  6 |
---------------+-------------------+-----
Fire Magic     | 3 4 5 |  5.3
Stealth        | 2 |  2.6
Dodging        | 2 |  2.7
Spellcasting   | 3 4 |  4.5
Fighting       | 1 |  1.0
Short Blades   | 1 |  1.0
Conjurations   | |  1.9

Action                   |  1- 3 |  4- 6 |  7- 9 || total
-------------------------+-------+-------+-------++-------
Melee: Unarmed           |     7 |       |       ||     7
       Dagger            |    73 |    40 |     4 ||   117
       Punch             |     3 |     1 |       ||     4
 Cast: Foxfire           |    67 |       |       ||    67
       Scorch            |    11 |    70 |    14 ||    95
  Use: Scroll            |       |     6 |     2 ||     8
       Potion            |       |     4 |       ||     4
 Stab: Sleeping          |     3 |       |       ||     3
Armor: Robe              |    31 |    21 |     1 ||    53
Dodge: Dodged            |    45 |    59 |     7 ||   111
